[Event "*** Titled Tuesday 3|2 Blitz"]
[Site "Chess.com"]
[Date "2016.05.03"]
[Round "4"]
[White "LyonBeast"]
[Black "Dlugy"]
[Result "1-0"]
[WhiteElo "2787"]
[BlackElo "2579"]
[TimeControl "180+2"]
[EndTime "11:50:54 PDT"]
[Termination "LyonBeast won by resignation"]

1. e4 c5 2. Nf3 d6 3. d4 cxd4 4. Nxd4 Nf6 5. Nc3 Nc6 6. Bc4 e6 7. Bb3 Be7 8. Be3 O-O 9. Qe2 Qa5 10. O-O-O Nxd4 11. Bxd4 Bd7 12. g4 e5 13. Be3 Bxg4 14. f3 Be6 15. Rhg1 Kh8 16. Kb1 Rac8 17. Qg2 g6 18.
Rd3 Bxb3 19. cxb3 b5 20. h4 b4 21. Nd5 Nxd5 22. Rxd5 Qc7 23. h5 g5 24. h6 f6 25. Rc1 Qd7 26. Rcd1 Rc6 27. f4 exf4 28. Bxf4 Qe6 29. Be3 Re8 30. Bd4 Kg8 31. Rb5 Bd8 32. Rxb4 a5 33. Rb7 Rc7 34. Rb8 Rd7 35. Bc3 Kf7 36.
Re1 Kg6 37. Rb5 Kxh6 38. Rh1+ Kg7 39. Rxg5+ Kh8 40. Rg4 Rg8 41. Rxg8+ Qxg8 42. Qf3 Qg6 43. Bd4 d5 44. Ka1 dxe4 45. Qc3 Rg7 46. a4 Qf7 47.
Qc8 Qd7 48. Qc4 Qf7 49. Qb5 Qd7 50. Qc5 Qe7 51. Qd5 Qd7 52. Qxe4 Kg8 53. Bc3 Qe7 54.
Qc4+ Kh8 55. Re1 Qd7 56. Qe4 Rf7 57. Qg2 Bc7 58. Rg1 Qe8 59. Bxf6+ 1-0

[Event "*** Titled Tuesday 3|2 Blitz"]
[Site "Chess.com"]
[Date "2016.05.03"]
[Round "4"]
[White "Schemato"]
[Black "Quiet_Desperation"]
[Result "1/2-1/2"]
[WhiteElo "2216"]
[BlackElo "2279"]
[TimeControl "180+2"]
[EndTime "11:51:08 PDT"]
[Termination "Game drawn by repetition"]

1. c4 Nf6 2. Nc3 e6 3. e4 Nc6 4. Nf3 d6 5. g3 e5 6. Bg2 Be7 7. d3 O-O 8. O-O Bg4 9. h3 Bxf3 10. Qxf3 Nd4 11. Qd1 c6 12. Ne2 c5 13. Nxd4 cxd4 14.
Bd2 Nd7 15. b4 Bg5 16. f4 exf4 17. gxf4 Bh4 18. Qg4 Be7 19. a3 Nf6 20. Qe2 g6 21. e5 Nh5 22. Bxb7 Rb8 23. Qg2 Bh4 24. Bd5 Ng3 25. Rf3 Nf5 26. Be4 Ne3 27. Bxe3 dxe3 28. Rxe3 dxe5 29. Bd5 exf4 30. Re4 Bg3 31. Ra2 Qf6 32.
Rae2 f3 33. Qxg3 fxe2 34. Rxe2 Rbe8 35. Rf2 Qd4 36. Kg2 Re3 37. Rf3 Re2+ 38. Rf2 Rxf2+ 39. Qxf2 Qxd3 40. a4 Qb3 41. Qxa7 Qxb4 42. a5 Qd2+ 43.
Kf3 Qd3+ 44. Kg2 Qe2+ 45. Kg3 Qe1+ 46. Kg2 Qd2+ 47. Kg3 Qg5+ 48. Kf2 Qf4+ 49. Kg2 Re8 50. Qf2 Qg5+ 51. Kf1 Qe7 52. a6 Rb8 53. a7 Rb1+ 54. Kg2 Qg5+ 55. Kh2 Qe5+ 56. Kg2 Qg5+ 57. Kh2 Qe5+ 58.
Kg2 Qg5+ 59. Kh2 Qe5+ 60. Kg2 Qg5+ 61. Kh2 1/2-1/2

[Event "*** Titled Tuesday 3|2 Blitz"]
[Site "Chess.com"]
[Date "2016.05.03"]
[Round "4"]
[White "bugsbunny444"]
[Black "Philofive"]
[Result "1-0"]
[WhiteElo "2380"]
[BlackElo "2358"]
[TimeControl "180+2"]
[EndTime "11:51:21 PDT"]
[Termination "bugsbunny444 won by resignation"]

1. Nf3 Nf6 2. c4 g6 3. b4 Bg7 4. Bb2 O-O 5. g3 d6 6. Bg2 e5 7. O-O h6 8. d3 Be6 9. Nbd2 Qd7 10. Re1 Nc6 11. b5 Nd8 12. a4 Re8 13. Qc2 Bh3 14. Bh1 Rb8 15. c5 Ne6 16. Rac1 e4 17. dxe4 Nxc5 18. e5 Bf5 19. e4 Nfxe4 20. Nxe4 Nxe4 21. Qxc7 Qxc7 22. Rxc7 dxe5 23. g4 Bxg4 24. Rxe4 f5 25. Re1 Rbc8 26. Rxc8 Rxc8 27. Bxe5 Bxf3 28. Bxf3 Re8 29.
Bc3 Rxe1+ 30. Bxe1 b6 31. Bb4 Be5 32. Bd5+ Kg7 33. h3 Kf6 34. Kg2 g5 35. Kf3 h5 36.
Bc6 g4+ 37. Kg2 Bc7 38. Bd7 Be5 39. Bd2 Bc7 40. h4 f4 41. Be8 f3+ 42. Kf1 Kf5 43.
Bxh5 Bd8 44. Bg5 Bxg5 45. hxg5 Kxg5 46. Be8 Kf4 47. Bc6 g3 48. fxg3+ Kxg3 49. Bd5 Kf4 50.
Kf2 Ke5 51. Bb7 Kd4 52. Bxf3 Kc3 53. Ke3 Kb4 54. Bd1 Ka5 55. Kd4 a6 56. Be2 axb5 57. axb5 Kb4 58. Kd5 Ka5 59. Kc6 1-0

[Event "*** Titled Tuesday 3|2 Blitz"]
[Site "Chess.com"]
[Date "2016.05.03"]
[Round "4"]
[White "norwaytoadog"]
[Black "destroyer305"]
[Result "1-0"]
[WhiteElo "2034"]
[BlackElo "2268"]
[TimeControl "180+2"]
[EndTime "11:51:25 PDT"]
[Termination "norwaytoadog won by resignation"]

1. e4 c5 2. Nf3 d6 3. Bb5+ Nd7 4. c3 g6 5. O-O Nf6 6. Re1 Bg7 7. d4 cxd4 8. cxd4 O-O 9. Nc3 a6 10. Bd3 b5 11.
Bg5 h6 12. Bh4 Bb7 13. a3 Nb6 14. b3 Rc8 15. Rc1 Qd7 16. Bb1 a5 17. e5 Nfd5 18.
e6 fxe6 19. Nxd5 Bxd5 20. Rxc8 Qxc8 21. Bxg6 Qc3 22. Re3 Qc7 23. h3 a4 24. bxa4 bxa4 25.
Qb1 Nc4 26. Rc3 Rb8 27. Bh7+ Kh8 28. Qg6 Qd8 29. Qd3 Rc8 30. Be4 Qf8 31. Bg3 Qf6 32. Nh4 Bxe4 33. Qxe4 d5 34. Qg4 Re8 35. Ng6+ Kg8 36.
Ne5 Qf5 37. Qxf5 exf5 38. Nxc4 dxc4 39. Rxc4 Ra8 40. Be5 Bxe5 41. dxe5 Kf7 42. f4 Ke6 43. Kf2 Kd5 44. Rb4 e6 45. g4 fxg4 46. hxg4 Rg8 47. Kf3 Ra8 48. Rb5+ Kd4 49. Rb4+ Kd5 50. Ke3 Rg8 51. Kf3 Ra8 52. Rb6 Rc8 53. Rd6+ Kc4 54.
Rxe6 Kb3 55. f5 Kxa3 56. f6 Kb2 57. f7 Rf8 58. Re7 a3 59. e6 a2 60. Ra7 Rc8 61. e7 Rc3+ 62. Kf4 Rc4+ 63. Kf5 Rc5+ 64. Kg6 Rc6+ 65. Kg7 Rc7 66. Rxa2+ Kxa2 67. e8=Q 1-0

[Event "*** Titled Tuesday 3|2 Blitz"]
[Site "Chess.com"]
[Date "2016.05.03"]
[Round "4"]
[White "cool64chess"]
[Black "ZivkovicN"]
[Result "1/2-1/2"]
[WhiteElo "2216"]
[BlackElo "2388"]
[TimeControl "180+2"]
[EndTime "11:51:47 PDT"]
[Termination "Game drawn - insufficient material"]

1. d4 Nf6 2. c4 e6 3. Nc3 Bb4 4. f3 O-O 5. e4 Ne8 6. Be3 Nc6 7. Nh3 b6 8. Nf2 Bxc3+ 9. bxc3 Ba6 10. d5 Na5 11. c5 Qc8 12. Be2 exd5 13. exd5 Nf6 14. Ne4 Nxe4 15. fxe4 Re8 16. Qd4 Bxe2 17. Kxe2 Qa6+ 18.
Kf3 Nb7 19. cxb6 axb6 20. Rhe1 Nc5 21. Bg5 f6 22. Bh4 Nd3 23. Red1 Ne5+ 24. Kf2 Ng4+ 25. Kg1 Qe2 26. Re1 Qc2 27. Bg3 d6 28. Qc4 Re7 29.
h3 Nh6 30. a4 Ra5 31. Ra2 Rc5 32. Qxc5 Qxa2 33. Qb5 Qc2 34. Qb4 Nf7 35. Kh2 Ng5 36. e5 fxe5 37. Qg4 h6 38. a5 bxa5 39. Ra1 e4 40. Rxa5 Qxc3 41. Ra8+ Kh7 42. Qf5+ g6 43. Qf8 Qg7 44. Qf2 e3 45. Qe2 Ne4 46. Qxe3 Nxg3 47. Qxg3 Qe5 48. Rc8 Qxg3+ 49. Kxg3 Kg7 50. Kf4 Kf6 51.
h4 g5+ 52. hxg5+ hxg5+ 53. Kg4 Ke5 54. Kxg5 Kxd5 55. g4 c5 56. Kf6 Re6+ 57. Kf5 Re5+ 58. Kf6 c4 59. g5 Re6+ 60. Kf7 Re2 61. g6 Rf2+ 62. Ke7 Re2+ 63. Kf7 Rf2+ 64. Ke7 Rg2 65. Kf7 Kd4 66. g7 Rf2+ 67. Ke7 Rg2 68. g8=Q Rxg8 69.
Rxg8 c3 70. Kxd6 c2 71. Rc8 Kd3 72. Rxc2 Kxc2 1/2-1/2

[Event "*** Titled Tuesday 3|2 Blitz"]
[Site "Chess.com"]
[Date "2016.05.03"]
[Round "4"]
[White "crisfoisor"]
[Black "UltimateCrusher2"]
[Result "1-0"]
[WhiteElo "2196"]
[BlackElo "2092"]
[TimeControl "180+2"]
[EndTime "11:51:48 PDT"]
[Termination "crisfoisor won by checkmate"]

1. d4 b6 2. c4 Bb7 3. Nc3 Nf6 4. d5 e6 5. a3 a5 6. g3 e5 7. Bg2 d6 8. Nf3 Be7 9. O-O O-O 10. e4 Nbd7 11. b3 Nc5 12. Ne1 Ba6 13. Be3 Nfd7 14.
b4 Bxc4 15. bxc5 Bxf1 16. Bxf1 Nxc5 17. Qc2 Bg5 18. Ng2 Bxe3 19. Nxe3 g6 20. h4 Kh8 21. Bh3 Qe7 22. Kh2 f6 23. a4 Kg7 24. Re1 Kh8 25.
Re2 Qg7 26. f4 exf4 27. gxf4 Qh6 28. Ng2 Rae8 29. Qd2 f5 30. Qd4+ Qg7 31. Qxg7+ Kxg7 32. e5 Re7 33. e6 h6 34. Kg3 Kf6 35. Ne1 Rg8 36. Nf3 Reg7 37. Re3 Ke7 38. Bf1 Rf8 39. Re1 Rfg8 40. Bb5 Rf8 41. Bc6 Rc8 42. Kf2 Kf6 43.
Ke3 Ke7 44. Rg1 Rcg8 45. Nb5 Rc8 46. Nbd4 Kf6 47. h5 gxh5 48. Rxg7 Kxg7 49. Nxf5+ Kg6 50. N3h4+ Kf6 51. Nxh6 Rh8 52. N6f5 Rg8 53. e7 Nb3 54.
e8=Q Rxe8+ 55. Bxe8 Nc5 56. Ng3 Nb7 57. Bc6 Nd8 58.
Nxh5+ Ke7 59. f5 Nf7 60. Kf4 Ne5 61. f6+ Kf7 62. Nf5 Nxc6 63. dxc6 b5 64. Nh6+ Kg6 65.
axb5 a4 66. f7 a3 67. f8=Q a2 68. Qg7+ Kxh5 69. Qg5# 1-0

[Event "*** Titled Tuesday 3|2 Blitz"]
[Site "Chess.com"]
[Date "2016.05.03"]
[Round "4"]
[White "E-Shaposhnikov"]
[Black "igorkovalenko"]
[Result "0-1"]
[WhiteElo "2465"]
[BlackElo "2587"]
[TimeControl "180+2"]
[EndTime "11:51:58 PDT"]
[Termination "igorkovalenko won by resignation"]

1. Nf3 c5 2. c4 g6 3. d4 Bg7 4.
e4 cxd4 5. Nxd4 Nc6 6. Be3 Qb6 7. Nb3 Qc7 8. Nc3 Bxc3+ 9. bxc3 Nf6 10. f3 d6 11. c5 dxc5 12. Nxc5 O-O 13. Bb5 Rd8 14. Qa4 Ne5 15. Bd4 a6 16. Be2 b6 17. Nb3 Nc6 18. O-O Be6 19. Rfd1 b5 20. Qa3 Nxd4 21. cxd4 Qc3 22.
Qc1 Qxc1 23. Raxc1 Bxb3 24. axb3 Rac8 25. d5 Nd7 26.
Rc6 Nb8 27. Rb6 Rc3 28. Rd3 Rc2 29. Kf1 Kf8 30. h4 Rcc8 31. g3 Rd6 32. Rb7 Nd7 33. b4 f5 34. Ra7 fxe4 35. fxe4 Rc1+ 36. Rd1 Rc3 37. Rd3 Rc1+ 38. Rd1 Rc2 39. Ra1 Rb2 40.
R1xa6 Rxa6 41. Rxa6 Rxb4 42. Ra8+ Kf7 43. Bg4 Nc5 44. Rc8 Nxe4 45. Be6+ Kf6 46. g4 h5 47. g5+ Ke5 48. Rc7 Rb1+ 49. Ke2 Rb2+ 50. Ke3 Rb3+ 51. Ke2 Nc3+ 52. Kd2 Nxd5 53. Bxd5 Kxd5 54. Rxe7 Ra3 55.
Rb7 Kc5 56. Rc7+ Kd5 57. Rb7 Kc4 58. Rb6 Rh3 59. Rxg6 Rxh4 60. Rh6 b4 61. g6 Rh2+ 62. Ke3 b3 63. g7 Rg2 64. Rd6 Rxg7 0-1

[Event "*** Titled Tuesday 3|2 Blitz"]
[Site "Chess.com"]
[Date "2016.05.03"]
[Round "4"]
[White "Stameny"]
[Black "cabalista"]
[Result "1/2-1/2"]
[WhiteElo "2373"]
[BlackElo "2354"]
[TimeControl "180+2"]
[EndTime "11:51:58 PDT"]
[Termination "Game drawn by agreement"]

1. d4 Nf6 2. Nf3 g6 3. Nc3 Bg7 4. e4 d6 5. Be3 a6 6. a4 O-O 7. h3 Nc6 8. e5 Nd7 9. exd6 cxd6 10. Be2 Nf6 11. O-O Nb4 12. Re1 Bf5 13. Rc1 Rc8 14.
Qd2 a5 15. d5 Rxc3 16. bxc3 Ne4 17. Qd1 Nxc3 18. Qd2 Ne4 19. Qd1 Na2 20. Ra1 Nac3 21. Qc1 Nxe2+ 22. Rxe2 Bxa1 23. Qxa1 Nf6 24. Nd4 Bd7 25.
c4 Re8 26. Bg5 Qc7 27. Qc3 Nxd5 28. Qb3 Nf6 29. Nb5 Qc5 30. Bxf6 exf6 31. Rd2 Bxb5 32. cxb5 Re1+ 33. Kh2 Qe5+ 34. Qg3 Re4 35. Rxd6 Rxa4 36. Rb6 Rb4 37. Qxe5 fxe5 38. Rxb7 a4 39. b6 Kg7 40.
g4 a3 41. Ra7 Rxb6 42. Rxa3 Rb4 43. Ra6 f6 44. Kg2 Kh6 45. Rxf6 Kg5 46. Re6 Re4 47. Kg3 h5 48. h4+ Kh6 49. g5+ Kg7 50. f3 Re1 51.
Kf2 Rh1 52. Kg3 Re1 53. Kg2 Re2+ 54. Kg3 Re1 55. Kf2 Rh1 56. Kg3 Re1 57. Re7+ Kf8 58. Re6 Kf7 59. Rf6+ Kg7 60. Kf2 Rh1 61. Kg3 Re1 62.
Re6 Kf7 1/2-1/2

[Event "*** Titled Tuesday 3|2 Blitz"]
[Site "Chess.com"]
[Date "2016.05.03"]
[Round "4"]
[White "Sophiste2"]
[Black "Gevorg_Harutjunyan"]
[Result "0-1"]
[WhiteElo "2774"]
[BlackElo "2610"]
[TimeControl "180+2"]
[EndTime "11:52:02 PDT"]
[Termination "Gevorg_Harutjunyan won by resignation"]

1. Nf3 Nf6 2. g3 g6 3. Bg2 Bg7 4.
c4 O-O 5. d4 d6 6. O-O c6 7.
Nc3 Qa5 8. e4 e5 9. d5 cxd5 10.
cxd5 Na6 11. a3 Bd7 12. h3 Rfc8 13. Be3 Rxc3 14. bxc3 Nxe4 15. Qb1 Nac5 16. c4 f5 17. Qb4 Qc7 18. Rab1 b6 19. Rfd1 Rf8 20. Rb2 f4 21. gxf4 exf4 22. Bd4 Qc8 23. Kh2 Rf5 24. Qe1 Rh5 25. Qf1 g5 26. Bxg7 Kxg7 27. Kg1 Bxh3 28. Nd4 g4 29. f3 Ng5 30. Qe2 Bxg2 31. Qe7+ Nf7 32. Rxg2 g3 33. Kf1 Rh1+ 34. Ke2 Qh3 35.
Rxg3+ fxg3 36. Ne6+ Nxe6 37. dxe6 Rh2+ 38. Ke3 Qh6+ 39.
f4 Qf6 40. Qxf6+ Kxf6 41. exf7 Kxf7 42. Kf3 g2 43. Rg1 Kf6 44. a4 Kf5 45. Rd1 h5 46.
Kg3 g1=Q+ 47. Rxg1 Ra2 48. Rh1 Ra3+ 49. Kf2 Rxa4 50.
Ke3 Rxc4 51. Rxh5+ Ke6 52. Rh6+ Kd5 53. Rh5+ Kc6 54. f5 Rc1 55. Rh2 Rf1 56. Ke4 a5 57. Rc2+ Kb5 58. Rb2+ Kc5 59. Rc2+ Kb5 60. Rb2+ Ka6 61.
Rd2 a4 62. Rxd6 Ka5 63. Rd3 b5 64. Rh3 Kb4 65. Rh4 a3 66. Kd3+ Kb3 67. Rh3 a2 68. Ke2+ Kc4 69. Kxf1 a1=Q+ 70. Kf2 Qf6 71. Rf3 b4 72. Rf4+ Kc3 73. Rf3+ Kc2 74. Kg3 b3 75. Kg4 b2 76. Rf2+ Kb3 77. Rf3+ Ka2 78. Rf2 Ka1 0-1

[Event "*** Titled Tuesday 3|2 Blitz"]
[Site "Chess.com"]
[Date "2016.05.03"]
[Round "4"]
[White "ArnaudovP"]
[Black "Zhani-Z"]
[Result "0-1"]
[WhiteElo "2404"]
[BlackElo "2169"]
[TimeControl "180+2"]
[EndTime "11:52:05 PDT"]
[Termination "Zhani-Z won by checkmate"]

1. d4 Nf6 2. c4 e6 3. Nc3 Bb4 4. Qc2 O-O 5. Nf3 b6 6. e4 d6 7. Bd3 h6 8. a3 Bxc3+ 9. Qxc3 Nbd7 10. e5 dxe5 11. dxe5 Ne8 12. Be4 Rb8 13. b4 Bb7 14.
Bxb7 Rxb7 15. O-O c5 16. b5 f6 17. exf6 Qxf6 18. Bb2 Qxc3 19. Bxc3 Nd6 20. Rfe1 Re8 21.
a4 Nxc4 22. Rad1 Nf6 23. Bxf6 gxf6 24. Re4 Na5 25. Rd6 Kf7 26. Rh4 Ree7 27. Rxh6 Kg7 28.
Rh4 Rbd7 29. Rxd7 Rxd7 30. g3 c4 31. Re4 c3 32. Re2 Nb3 33. Rc2 Rc7 34. Kf1 e5 35.
Ne1 Nd4 36. Rc1 Kf7 37. Nd3 Rc4 38. Ke1 Ke6 39. Kd1 Kd5 40. Ne1 Rc8 41. Nc2 Kc4 42. Ne3+ Kb3 43. Rb1+ Kxa4 44. Kc1 c2 45. Ra1+ Kb3 46.
Kd2 Kb2 47. Rc1 Rc3 48. Nd5 Nb3+ 49. Ke1 Nxc1 50. Nb4 Nb3 51. Nxc2 Rxc2 52. Kf1 Nd4 53. Kg2 e4 54. h4 e3 55. h5 Rxf2+ 56. Kh3 Rf5 57.
g4 Rg5 58. h6 Rg6 59. g5 fxg5 60. Kg3 Rxh6 61. Kg2 Rf6 62. Kg3 e2 63. Kg4 e1=Q 64.
Kh5 g4 65. Kg5 Rf8 66. Kh5 g3 67. Kh4 g2+ 68. Kh3 Rh8+ 69. Kxg2 Rf8 70. Kh3 Qe3+ 71.
Kh4 Rg8 72. Kh5 Qg5# 0-1

[Event "*** Titled Tuesday 3|2 Blitz"]
[Site "Chess.com"]
[Date "2016.05.03"]
[Round "4"]
[White "alturas_pacificas"]
[Black "KyronGriffith"]
[Result "1-0"]
[WhiteElo "2183"]
[BlackElo "2318"]
[TimeControl "180+2"]
[EndTime "11:52:18 PDT"]
[Termination "alturas_pacificas won by resignation"]

1. d4 d5 2. Bf4 Nf6 3. e3 e6 4. Nd2 Bd6 5. Bg3 O-O 6. Bd3 b6 7. Ngf3 c5 8. c3 Ba6 9. Bxa6 Nxa6 10. Qe2 Nb8 11. Ne5 Qc7 12. f4 Nfd7 13. O-O Nc6 14.
Rae1 a5 15. Qb5 Ncxe5 16. fxe5 Be7 17. Qd3 a4 18. a3 b5 19. e4 dxe4 20. Nxe4 cxd4 21.
cxd4 Qb6 22. Kh1 b4 23. h4 bxa3 24. bxa3 Qb3 25. Rf3 Qxd3 26. Rxd3 Nb6 27. h5 Rfd8 28. h6 gxh6 29. Rf1 Nc4 30. Rdf3 Rf8 31. Bf4 f5 32. exf6 Bxf6 33. Bxh6 Bg7 34. Bxg7 Kxg7 35. Rg3+ Kh8 36. Rc1 Rac8 37. Nc5 Nd6 38. Re1 Nf5 39. Rg4 Nxd4 40.
Rxd4 Rxc5 41. Rxe6 Rf1+ 42. Kh2 Rh5+ 43. Kg3 Rg5+ 44.
Rg4 Rxg4+ 45. Kxg4 Ra1 46. Re3 Kg7 47. Kg5 Kf7 48.
Rc3 Ke6 49. g4 Ke5 50. Rh3 Ke6 51. Kh6 Rg1 52. g5 Kf5 53. Rf3+ Ke4 54. Rc3 Rh1+ 55. Kg7 Kf4 56. Rc5 Rh5 57. Kf6 Ke3 58. Rc4 Kd3 59.
Rxa4 Kc3 60. Rb4 Rh1 61. Rb7 Ra1 62. Rxh7 Kd4 63. Re7 Kd5 64. Re3 Kd6 65. Rd3+ Kc5 66. g6 Rf1+ 67. Kg7 Re1 68. Kg8 Rg1 69. g7 Kc6 70. a4 Kc5 71. a5 Kb5 72. Rd5+ Ka6 73.
Kf7 Rg2 74. g8=Q 1-0

[Event "*** Titled Tuesday 3|2 Blitz"]
[Site "Chess.com"]
[Date "2016.05.03"]
[Round "4"]
[White "Carolina-moon"]
[Black "FearNoEvil12"]
[Result "0-1"]
[WhiteElo "2033"]
[BlackElo "1913"]
[TimeControl "180+2"]
[EndTime "11:52:20 PDT"]
[Termination "FearNoEvil12 won by resignation"]

1. e4 c5 2. Nc3 e6 3. g3 d5 4.
exd5 exd5 5. Bg2 Nf6 6. d4 Nc6 7. Nge2 Bg4 8. h3 Bh5 9. Be3 cxd4 10. Bxd4 Nxd4 11. Qxd4 Bxe2 12. Nxe2 Be7 13. O-O O-O 14.
Nf4 Rc8 15. c3 Bc5 16. Qd3 d4 17. Rad1 dxc3 18. bxc3 Qb6 19. Nd5 Nxd5 20. Bxd5 Qc7 21. c4 b6 22. Kg2 g6 23. Rfe1 Rfe8 24. Qf3 Kg7 25. Qc3+ f6 26. Qf3 a5 27. h4 Re5 28.
Be6 Rd8 29. Rxd8 Qxd8 30. Rxe5 fxe5 31. Qf7+ Kh6 32. Bd5 Qf8 33. Qxf8+ Bxf8 34. Kf3 Kg7 35. Ke4 Kf6 36. f3 h6 37. f4 exf4 38. gxf4 Bb4 39. Kf3 Be1 40. Kg4 h5+ 41. Kh3 Kf5 42. Bf7 Bd2 43.
Be8 Bxf4 44. Bf7 Bd6 45. Be8 Kf6 46. Kg2 g5 47. Bxh5 gxh4 48. Kf3 Kg5 49. Be8 h3 50. Bc6 h2 51. Ke3 Kf5 52. Kd4 Bc5+ 53. Kd3 Kf4 54. Bh1 Bf8 55. Kd4 Kg3 56. Kd5 Bc5 57. Kc6 Kf2 58.
Kb5 Kg1 59. Bd5 h1=Q 60. Bxh1 Kxh1 61. Ka4 Kg2 62. Kb3 Kf3 63. Kc2 Ke3 64. Kc3 Bb4+ 65. Kb3 Kd4 66. a3 Bf8 67. Ka4 Kc5 68. Kb3 Bh6 69.
Ka4 Bc1 70. Kb3 Bxa3 71. Kxa3 Kxc4 72. Ka4 b5+ 73. Ka3 b4+ 74. Ka2 Kc3 75. Kb1 b3 76.
Ka1 b2+ 77. Kb1 a4 78. Ka2 Kc2 79. Ka3 b1=Q 80. Kxa4 Kc3 81. Ka5 Kc4 82. Ka6 Kc5 0-1

[Event "*** Titled Tuesday 3|2 Blitz"]
[Site "Chess.com"]
[Date "2016.05.03"]
[Round "4"]
[White "saraswathii"]
[Black "simonachess"]
[Result "1/2-1/2"]
[WhiteElo "1972"]
[BlackElo "2127"]
[TimeControl "180+2"]
[EndTime "11:52:34 PDT"]
[Termination "Game drawn - insufficient material"]

1. e4 d6 2. d3 c5 3. Nf3 g6 4. g3 Bg7 5. Bg2 Nc6 6. O-O e6 7. c3 Nge7 8. Be3 O-O 9. d4 cxd4 10. cxd4 b6 11. Nc3 d5 12. e5 f6 13. exf6 Bxf6 14. Re1 Nf5 15. Qd2 Bd7 16. Rac1 Rc8 17. b3 Nxe3 18.
Qxe3 Qe8 19. Nb5 Qe7 20. Bh3 Rfe8 21. Re2 Nb4 22. Rxc8 Bxc8 23. a3 Nc6 24. Nc3 Bd7 25. Nxd5 exd5 26. Qxe7 Rxe7 27. Rxe7 Bxe7 28. Bxd7 Nb8 29.
Be6+ Kf8 30. Bxd5 Bxa3 31. Ne5 Ke7 32. Nc4 Bb4 33. Bg8 h6 34. Bh7 g5 35. Ne5 Kf6 36. f4 Bd2 37. f5 Be3+ 38. Kg2 Bxd4 39. Ng4+ Kg7 40. Bg6 Nd7 41. h4 gxh4 42. gxh4 Nf8 43.
h5 Bf6 44. Nf2 Nd7 45. Nd3 Bd4 46. Nf4 Kf6 47. Ne6 Be3 48. Nd8 a5 49. Kf3 Bc1 50. Nf7 Nc5 51. Nd6 Nxb3 52. Nc4 b5 53. Nd6 a4 54. Ne4+ Kg7 55. Nd6 Kf6 56. Nxb5 a3 57.
Nxa3 Bxa3 58. Ke4 Bb2 59. Kd5 Nd4 60. Ke4 Ba1 61. Bh7 Bb2 62. Bg6 Nc6 63. Bh7 Ne5 64.
Bg6 Ng4 65. Kf4 Nf2 66. Bh7 Nd3+ 67. Ke4 Nc5+ 68. Kd5 Nb7 69. Ke4 Nd8 70. Kf4 Nc6 71.
Bg6 Ne7 72. Bh7 Bc1+ 73. Kg4 Nd5 74. Bg6 Ne3+ 75. Kh3 Nxf5 76. Bxf5 Kxf5 77. Kh2 Kg5 78. Kh1 Kxh5 79. Kh2 Kh4 80. Kh1 Kg4 81. Kh2 h5 82. Kh1 h4 83. Kh2 h3 84. Kh1 h2 85. Kxh2 1/2-1/2

[Event "*** Titled Tuesday 3|2 Blitz"]
[Site "Chess.com"]
[Date "2016.05.03"]
[Round "4"]
[White "AvitalBor"]
[Black "hellokostya"]
[Result "1-0"]
[WhiteElo "2371"]
[BlackElo "2241"]
[TimeControl "180+2"]
[EndTime "11:53:01 PDT"]
[Termination "AvitalBor won by resignation"]

1. e4 c5 2. c3 Nf6 3. e5 Nd5 4.
d4 cxd4 5. cxd4 e6 6. Nf3 d6 7. Bc4 Be7 8. exd6 Bxd6 9. O-O O-O 10. Nc3 Nxc3 11. bxc3 Nd7 12. Bd3 b6 13. Ng5 Nf6 14.
Qf3 Rb8 15. Ne4 Bb7 16. Nxf6+ Qxf6 17. Qh3 h6 18. Bc2 Bf4 19. Qd3 g6 20. a4 Bxc1 21.
Rfxc1 Qg5 22. Qg3 Qxg3 23. hxg3 Rbc8 24. Bd3 Rfd8 25. a5 e5 26. axb6 axb6 27. Ra7 Rb8 28. Bc4 exd4 29. cxd4 Rxd4 30. Ba2 Bd5 31. Rd7 Bxa2 32.
Rxd4 b5 33. Rc2 Bc4 34. Rcd2 Kg7 35. g4 Ra8 36. Kh2 Ra3 37. f3 Rc3 38. Rb2 Rc1 39. Rd6 Rc3 40. Rc6 Re3 41. Rd2 Re1 42. Rb6 Re8 43. Rdd6 Re2 44. Kg3 Ra2 45. Rd8 Bf1 46.
Rbb8 Rxg2+ 47. Kf4 Bc4 48. Rg8+ Kf6 49. Rb6+ Be6 50.
Rxb5 Re2 51. Kg3 Re3 52. Rb6 Ra3 53. Rbb8 Ra4 54. Rh8 Bd5 55. Rb6+ Kg7 56. Rd8 Be6 57. Rd3 Ra1 58. Rc3 g5 59. Rc7 Kf6 60. Rcb7 Ra4 61.
Rb8 Ra3 62. Rd8 Kg7 63. Rbb8 Kf6 64. Rb6 Kg7 65. Rbd6 Kf6 66. Rb8 Ke5 67. Rdd8 Bd5 68. Rb5 Rxf3+ 69. Kh2 Rd3 70. Rh8 Kf4 71. Rb4+ Be4 72.
Rxh6 Rd2+ 73. Kg1 Rd1+ 74. Kf2 Rd2+ 75. Ke1 Rg2 76. Rf6+ Ke5 77. Rxf7 Rxg4 78. Re7+ Kf5 79. Kf2 Rf4+ 80. Ke3 Rf3+ 81. Kd4 Rd3+ 82. Kc4 Rd8 83.
Kc3 Bf3 84. Rf7+ 1-0

[Event "*** Titled Tuesday 3|2 Blitz"]
[Site "Chess.com"]
[Date "2016.05.03"]
[Round "4"]
[White "yurisolo"]
[Black "evgenyermolaev"]
[Result "0-1"]
[WhiteElo "2518"]
[BlackElo "2288"]
[TimeControl "180+2"]
[EndTime "11:53:05 PDT"]
[Termination "evgenyermolaev won by resignation"]

1. e4 c5 2. d4 cxd4 3. Nf3 d6 4. Nxd4 Nf6 5. Nc3 a6 6. Bg5 e6 7.
f4 h6 8. Bh4 Be7 9. Qf3 Qc7 10.
O-O-O Nbd7 11. g4 g5 12. fxg5 Ne5 13. Qe2 Nfxg4 14. Nf3 Nxf3 15. Qxf3 hxg5 16. Bg3 Ne5 17. Bxe5 dxe5 18. Be2 Bd7 19. Rhf1 f6 20. Qg2 O-O-O 21. Bg4 Kb8 22. Rd3 Bc8 23. Rfd1 Rxd3 24. Rxd3 f5 25. Be2 g4 26. a3 Bg5+ 27. Kb1 Bf4 28. h3 gxh3 29. Rxh3 Rxh3 30. Qxh3 Qg7 31. Bd3 Qf6 32. Qh7 Bd2 33. Na4 fxe4 34. Qxe4 Qf4 35. Nc5 Be3 36. Nb3 Bd7 37. Na5 Bc8 38. Nc4 Qxe4 39. Bxe4 Bf4 40. c3 Kc7 41. Kc2 b5 42. Na5 Kb6 43. b4 Bd7 44. Nb3 Be3 45. Kd3 Bg1 46. Bf3 Be8 47. Ke4 Bc6+ 48. Kxe5 Bxf3 49. Kxe6 Bd1 50.
Na5 Be2 51. Kd5 Bf3+ 52. Ke5 Bh2+ 53. Kd4 Bg1+ 54. Ke5 Bf2 55. Kf4 Be2 56. Ke4 Be1 57. Ke3 Bf1 58. Kd4 Kc7 59. Nb3 Bc4 60. Na5 Ba2 61.
Kd3 Bh4 62. c4 bxc4+ 63. Nxc4 Bxc4+ 64. Kxc4 Kb6 65. a4 Be7 66. Kb3 Bd6 67. Kc4 Bf8 68.
Kb3 Kc7 69. Kc4 Kd6 70. Kd4 Bg7+ 71. Kc4 Bf6 72. Kb3 Kd5 73. Ka3 Kc4 74. a5 Be7 75.
Ka4 Bd6 0-1

[Event "*** Titled Tuesday 3|2 Blitz"]
[Site "Chess.com"]
[Date "2016.05.03"]
[Round "4"]
[White "vovkcoach"]
[Black "Zurability"]
[Result "1/2-1/2"]
[WhiteElo "2529"]
[BlackElo "2418"]
[TimeControl "180+2"]
[EndTime "11:53:17 PDT"]
[Termination "Game drawn by agreement"]

1. d4 d6 2. c4 e5 3. dxe5 dxe5 4. Qxd8+ Kxd8 5. Nf3 f6 6. Rg1 Be6 7. b3 Nd7 8. g4 c6 9. Nc3 Kc7 10. Bb2 Nh6 11. g5 Nf7 12. gxf6 gxf6 13. O-O-O Nc5 14. e3 a5 15. Nd2 Bf5 16. Be2 a4 17. b4 a3 18.
bxc5 axb2+ 19. Kxb2 Bxc5 20. Nde4 Ba3+ 21. Kb3 Be7 22. Bh5 Raf8 23. Rg7 Be6 24. Nd5+ cxd5 25. cxd5 Bf5 26. d6+ Kd8 27. dxe7+ Kxe7 28. Nd6 Bg6 29. Bg4 Rhg8 30. Rxg8 Rxg8 31. Nc8+ Kf8 32. Be6 Rg7 33. Rd7 Ng5 34. Rd8+ Be8 35. Bd5 Rd7 36. Rxd7 Bxd7 37. Nb6 Be6 38. Kc4 Ke7 39. Kc5 Nh3 40. a4 Nxf2 41.
Bxb7 Nd3+ 42. Kb5 Kd6 43. a5 Nc5 44. Bf3 f5 45. a6 Nxa6 46. Kxa6 f4 47. exf4 exf4 48.
Kb5 Ke5 49. Kc5 Bf5 50. Nc4+ Kf6 51. Kd4 Kg5 52. Ke5 Bg6 53. Nd2 Kh4 54. Kxf4 Kh3 55. Nf1 Bd3 56. Bg4+ Kg2 57. Ne3+ Kxh2 58. Kf3 Bb5 59. Kf2 Bc6 60. Nf1+ Kh1 61. Bh5 Bb7 62. Kg3 h6 63. Ne3 Ba8 64. Be2 Bb7 65. Ng4 Ba8 66. Nxh6 Bb7 67. Ng4 Ba8 68. Kf2 Bb7 69. Ne3 Ba8 70.
Nf1 Bb7 71. Bb5 Ba8 72. Kg3 Bb7 73. Nd2 Ba8 74. Nb3 Bb7 75. Nc5 Ba8 76. Ba6 Bd5 77. Nd3 Ba8 78. Nf2+ Kg1 79. Nh3+ Kh1 80. Ng5 Kg1 81.
Ne6 Kh1 82. Nc7 Bc6 83. Bc8 Be4 84. Kf4 Bc6 85. Kg3 Be4 86. Nb5 Bc6 87. Nd4 Ba8 88. Bh3 Bb7 89. Ne2 Ba8 90. Kf2 Bb7 91. Bf1 Ba8 1/2-1/2

[Event "*** Titled Tuesday 3|2 Blitz"]
[Site "Chess.com"]
[Date "2016.05.03"]
[Round "4"]
[White "Zlatan56"]
[Black "hypert"]
[Result "1-0"]
[WhiteElo "2570"]
[BlackElo "2357"]
[TimeControl "180+2"]
[EndTime "11:53:18 PDT"]
[Termination "Zlatan56 won by resignation"]

1. g3 d5 2. Bg2 Bf5 3. c4 e6 4.
Qb3 Nc6 5. Nf3 dxc4 6. Qxc4 Nf6 7. O-O Bd6 8. d3 e5 9. Nc3 a6 10. Bg5 Be6 11. Qa4 O-O 12. Rac1 h6 13. Bxf6 Qxf6 14. Ne4 Qe7 15. a3 Bd7 16. Qb3 Rab8 17. Nxd6 cxd6 18. e3 Be6 19. Qb6 Qd8 20. Qxd8 Rfxd8 21. Nd2 Rdc8 22. Rc3 Ne7 23. Rfc1 b5 24. Rc7 Kf8 25. Ne4 Rxc7 26. Rxc7 Rc8 27. Rxc8+ Nxc8 28. Nc3 Ne7 29. Kf1 Ke8 30.
Ke2 Kd8 31. f4 f6 32. d4 exd4 33. exd4 Kc7 34. Be4 Nf5 35. Bxf5 Bxf5 36. Ke3 Kc6 37. b4 d5 38. Nd1 h5 39. Kf2 Be4 40. Ke3 Kb6 41. Nf2 Bf5 42. h3 a5 43. g4 hxg4 44. hxg4 Bd7 45. f5 axb4 46. axb4 Kc6 47. Nd3 Kd6 48.
Nf4 Be8 49. Kf3 Bf7 50. Kg3 Ke7 51. Kh4 Kf8 52. g5 fxg5+ 53. Kxg5 Ke7 54. Ng6+ Ke8 55. Ne5 Ke7 56. Nd3 Be8 57. Nf4 Bf7 58. Ne2 Be8 59.
Nc3 Kd6 60. Nd1 Ke7 61. Ne3 Bf7 62. Kf4 Kd6 63. Ng2 Be8 64. Kg5 Ke7 65. Nf4 Bf7 66.
Ng6+ Ke8 67. Kf4 Kd7 68. Ke5 Bg8 69. Nf4 Kc6 70. Ne6 Kd7 71. Nxg7 Ke7 72. Nh5 Kd7 73. Nf4 Kc6 74. f6 Bf7 75. Ne6 Kd7 76. Ng5 Bh5 77.
Kxd5 Be2 78. Kc5 Bc4 79. d5 Be2 80. f7 Ke7 81. d6+ Kf8 82. d7 1-0